Map: [ESL] Data-C

Players

Serral

  • Race: Zerg Zerg
  • Spawn Location: 9:00

Zoun - Winner!

  • Race: Protoss Protoss
  • Spawn Location: 3:00

Event: DreamHack SC2 Masters 2022 Atlanta (Offline)

VOD

Have the link to the VOD?

Description

Time

  • Played on: Nov. 19, 2022, 12:36 p.m.
  • Length: 32:29

All games in this series

Show
View Real Time Build Order
Export as new Build Order

Serral Zerg 

Build Orders: Hatch First, Brood Lord Corruptor 

Get SALT Encoding   

  12  0:00  Drone  
  13  0:08  Drone  
  14  0:16  Overlord  
  14  0:22  Extractor  
  14  0:23  Drone  
  15  0:45  Drone x2  
  17  0:54  Hatchery  
  17  0:55  Drone  
  17  1:03  Drone  
  18  1:08  Extractor  
  17  1:16  Spawning Pool  
  17  1:18  Drone  
  17  1:22  Drone  
  18  1:28  Drone  
  19  1:39  Drone  
  20  1:51  Overlord  
  20  2:03  Queen  
  20  2:06  Queen  
  20  2:07  Zergling x4  
  26  2:12  Drone  
  27  2:16  Metabolic Boost  
  27  2:17  Drone  
  27  2:22  Drone  
  29  2:27  Drone  
  30  2:40  Hatchery  
  30  2:43  Drone  
  30  2:45  Drone  
  31  2:51  Queen  
  31  2:56  Overlord  
  31  2:58  Drone  
  34  3:00  Drone  
  34  3:03  Drone  
  36  3:10  Overlord  
  36  3:13  Queen  
  36  3:16  Drone  
  36  3:18  Drone x2  
  41  3:21  Drone  
  41  3:23  Drone  
  44  3:27  Drone  
  44  3:31  Queen  
  46  3:36  Drone  
  46  3:37  Drone x2  
  46  3:38  Drone  
  50  3:43  Overlord  
  50  3:45  Zergling x2  
  50  3:46  Zergling x2  
  52  3:51  Queen  
  52  3:52  Spore Crawler  
  53  3:57  Spore Crawler  
  53  3:58  Drone x2  
  53  4:01  Drone x2  
  56  4:05  Drone  
  56  4:07  Zergling x2  
  56  4:08  Zergling x2  
  59  4:11  Spore Crawler, Drone x2  
  59  4:13  Drone  
  59  4:15  Drone  
  62  4:21  Overlord  
  63  4:25  Overlord, Evolution Chamber  
  63  4:26  Drone x2  
  63  4:27  Drone  
  63  4:29  Drone  
  66  4:32  Overlord  
  66  4:36  Overlord  
  66  4:41  Roach Warren  
  59  4:45  Drone x3  
  59  4:49  Drone x3  
  59  4:50  Drone x2  
  66  4:53  Zerg Melee Weapons Level 1  
  66  4:56  Drone  
  66  4:57  Drone x2  
  66  4:59  Drone  
  70  5:04  Drone x2  
  70  5:05  Drone x2  
  74  5:13  Hatchery  
  73  5:17  Lair  
  73  5:18  Drone  
  73  5:19  Extractor x2  
  73  5:20  Drone  
  74  5:21  Extractor, Drone  
  74  5:23  Drone x2  
  74  5:26  Drone x2  
  74  5:28  Drone x2  
  78  5:33  Zergling x8  
  82  5:37  Spore Crawler, Queen  
  82  5:42  Zergling x6  
  86  5:46  Overlord  
  86  5:47  Zergling x6  
  89  5:53  Overlord x2  
  89  5:54  Extractor  
  88  5:59  Overlord  
  88  6:03  Extractor  
  87  6:04  Drone x2  
  87  6:05  Drone x6  
  95  6:13  Drone  
  95  6:15  Glial Reconstitution  
  95  6:17  Overlord  
  95  6:18  Drone  
  97  6:22  Spire  
  95  6:26  Roach x5  
  95  6:31  Drone x5  
  109  6:35  Drone  
  111  6:40  Drone x2  
  111  6:42  Drone  
  111  6:43  Drone  
  111  6:44  Overlord  
  111  6:45  Roach x2  
  118  6:47  Drone  
  118  6:49  Overlord, Extractor  
  118  6:51  Zerg Melee Weapons Level 2  
  118  6:56  Roach x4  
  118  6:58  Roach  
  118  7:00  Overlord  
  128  7:07  Drone  
  128  7:08  Drone x3  
  132  7:09  Baneling Nest, Overlord  
  132  7:12  Roach  
  132  7:13  Roach x3  
  132  7:14  Overlord  
  139  7:16  Overlord  
  139  7:19  Overlord  
  139  7:23  Overseer  
  139  7:26  Drone  
  139  7:28  Extractor, Drone x3  
  142  7:45  Mutalisk x10  
  142  7:48  Drone x7  
  169  7:55  Hatchery, Mutalisk  
  170  8:00  Centrifugal Hooks  
  170  8:04  Overlord  
  171  8:05  Zergling x14  
  171  8:08  Evolution Chamber  
  171  8:11  Infestation Pit  
  175  8:14  Zergling x2  
  175  8:15  Zergling x12  
  182  8:21  Overlord  
  182  8:23  Zergling x18  
  191  8:31  Drone  
  192  8:36  Pneumatized Carapace  
  192  8:40  Overlord  
  192  8:41  Drone x4  
  195  8:44  Drone  
  195  8:45  Zerg Missile Weapons Level 1  
  195  8:47  Drone  
  198  8:49  Baneling x8, Hive  
  198  8:50  Baneling x5  
  198  8:53  Zergling x4  
  177  9:08  Spore Crawler  
  177  9:09  Baneling x5  
  175  9:14  Baneling x9  
  173  9:25  Zergling x42  
  173  9:26  Zergling x12  
  196  9:33  Zergling x6  
  196  9:35  Baneling x11  
  196  9:36  Baneling x4  
  196  9:38  Zerg Ground Armor Level 1  
  199  9:42  Overseer  
  199  9:44  Spine Crawler  
  199  9:45  Spine Crawler, Drone x3  
  200  9:46  Spine Crawler x2  
  200  9:47  Spine Crawler  
  200  9:49  Baneling x5  
  197  9:53  Zergling x2  
  197  9:54  Zergling x4  
  181  10:09  Zergling x34  
  181  10:13  Roach x5  
  188  10:18  Baneling x4  
  188  10:19  Roach x3, Zergling x4  
  188  10:20  Zergling x2  
  193  10:25  Zergling x12  
  183  10:34  Baneling x22  
  183  10:35  Zergling x2  
  183  10:36  Adrenal Glands, Zergling x12  
  183  10:39  Zergling x2  
  183  10:40  Zerg Melee Weapons Level 3  
  183  10:42  Zergling x2  
  190  10:47  Baneling x9  
  176  10:55  Zergling x10  
  176  10:56  Zergling x14  
  155  10:58  Zergling x2  
  155  10:59  Zergling x2  
  155  11:00  Zergling x2  
  155  11:01  Zergling x6  
  155  11:04  Zergling x2  
  154  11:08  Greater Spire  
  154  11:11  Corruptor x5  
  161  11:18  Zergling x18  
  168  11:33  Overlord  
  168  11:34  Zergling x20  
  168  11:35  Hatchery  
  168  11:37  Baneling x9  
  177  11:43  Drone x2  
  177  11:44  Drone x2  
  178  11:49  Zergling x2  
  178  11:50  Zergling x16  
  184  11:55  Baneling x5  
  184  11:56  Baneling x14  
  184  12:03  Drone  
  184  12:07  Overseer  
  185  12:10  Overlord  
  185  12:12  Hatchery  
  185  12:13  Queen  
  185  12:22  Brood Lord x5  
  195  12:27  Overseer  
  193  12:30  Extractor  
  193  12:31  Extractor  
  193  12:32  Corruptor x2  
  193  12:33  Corruptor  
  197  12:49  Baneling x10  
  192  13:00  Zerg Flyer Weapons Level 1, Burrow  
  192  13:03  Hatchery  
  191  13:06  Queen x2  
  191  13:10  Spore Crawler x3  
  191  13:11  Spore Crawler  
  188  13:17  Infestor x4  
  188  13:18  Queen  
  188  13:19  Overlord x2  
  196  13:22  Spore Crawler  
  196  13:23  Overlord  
  193  13:42  Corruptor x3  
  199  13:49  Hatchery  
  198  14:06  Neural Parasite  
  185  14:24  Brood Lord x3  
  185  14:30  Corruptor x8  
  196  14:43  Infestor  
  198  14:46  Extractor  
  198  14:47  Overseer  
  198  14:49  Zergling x6  
  198  14:52  Extractor  
  198  14:55  Zerg Flyer Armor Level 1  
  197  15:00  Brood Lord  
  196  15:16  Zergling x8  
  196  15:20  Overseer  
  199  15:23  Spore Crawler  
  199  15:25  Pathogen Glands  
  197  15:35  Overseer x2  
  197  15:36  Overseer  
  193  15:45  Zergling x6  
  193  15:46  Zergling x4  
  193  15:49  Ultralisk Cavern, Zerg Ground Armor Level 2  
  196  15:52  Spine Crawler  
  196  15:53  Spine Crawler  
  196  15:54  Spine Crawler  
  191  15:57  Corruptor x4  
  196  16:04  Zerg Missile Weapons Level 2  
  196  16:07  Drone  
  196  16:08  Drone x4  
  196  16:26  Zergling x2  
  196  16:27  Zergling x6  
  200  16:34  Baneling  
  200  16:35  Baneling x3  
  200  16:39  Overseer  
  200  16:48  Zerg Flyer Weapons Level 2  
  200  16:55  Chitinous Plating  
  200  17:07  Hatchery  
  194  17:18  Viper x2  
  189  17:29  Ultralisk x2  
  194  17:36  Ultralisk x3  
  188  17:51  Roach x3  
  188  17:55  Brood Lord  
  188  17:56  Infestor x2  
  198  18:14  Anabolic Synthesis  
  198  18:18  Hatchery  
  198  18:19  Overseer  
  191  18:20  Overlord x2  
  191  18:25  Corruptor x5  
  197  18:28  Overlord x2  
  197  18:31  Overlord  
  197  18:32  Hatchery  
  187  18:48  Corruptor x6  
  187  18:55  Hatchery  
  198  19:04  Zerg Flyer Armor Level 2  
  198  19:14  Hatchery  
  198  19:43  Extractor x2  
  196  19:46  Infestor x2  
  199  19:58  Overseer  
  199  20:02  Drone x5  
  199  20:04  Drone  
  197  20:09  Drone x7  
  197  20:22  Hatchery  
  197  20:25  Hatchery  
  197  20:26  Queen x2  
  199  20:32  Zerg Ground Armor Level 3  
  199  20:42  Overseer  
  199  20:48  Hatchery  
  198  21:02  Unknown  
  197  21:05  Extractor  
  196  21:20  Zerg Flyer Weapons Level 3  
  196  21:33  Brood Lord  
  196  21:37  Brood Lord  
  200  21:45  Drone x3  
  198  22:09  Spore Crawler  
  198  22:10  Spine Crawler  
  198  22:13  Spine Crawler  
  195  22:16  Spine Crawler, Drone x3  
  195  22:18  Viper  
  200  22:25  Overseer  
  187  22:59  Hatchery  
  187  23:00  Infestor x3  
  187  23:01  Infestor x3  
  194  23:13  Zergling x10  
  194  23:16  Hatchery  
  186  23:21  Unknown  
  186  23:22  Zergling x14  
  192  23:30  Spore Crawler x3  
  192  23:33  Spore Crawler  
  188  23:35  Corruptor  
  188  23:36  Corruptor x4  
  197  23:42  Overlord  
  170  24:11  Infestor x5  
  170  24:15  Corruptor x3  
  170  24:16  Corruptor x8  
  152  24:24  Corruptor x7  
  161  24:37  Drone  
  166  24:38  Brood Lord x3  
  166  24:41  Infestor x2  
  166  24:43  Viper x2  
  166  24:44  Viper  
  175  24:47  Zergling x2  
  175  24:48  Zergling x18  
  185  24:54  Drone x10  
  185  24:57  Brood Lord x2  
  182  25:10  Brood Lord  
  184  25:33  Ultralisk, Corruptor x2  
  184  25:34  Spore Crawler  
  184  25:35  Hatchery  
  192  25:39  Corruptor  
  192  25:40  Corruptor x2  
  195  25:55  Overlord  
  195  25:56  Corruptor  
  195  25:57  Corruptor  
  196  26:25  Zerg Flyer Armor Level 3  
  196  26:31  Corruptor x2  
  196  26:52  Corruptor  
  196  26:53  Corruptor  
  193  27:12  Zergling x16  
  197  27:27  Drone x2  
  199  27:39  Unknown  
  198  27:54  Drone  
  199  28:10  Drone  
  195  28:20  Zergling x10  
  195  28:26  Zergling x12  
  199  28:38  Baneling  
  199  28:40  Zergling x2, Baneling x4  
  200  28:47  Baneling x2  
  200  29:04  Hatchery  
  199  29:15  Zergling x6  
  198  29:19  Zergling x4  
  199  29:30  Zergling x2  
  194  30:29  Infestor  
  194  30:30  Infestor  
  194  30:33  Corruptor, Infestor x5  
  199  30:38  Baneling  
  197  31:02  Infestor x3  
  182  31:35  Infestor x5  
  173  31:46  Corruptor x10  
  173  31:47  Corruptor  
  163  31:54  Corruptor x5  
  176  31:56  Overseer  
  185  32:10  Zergling x26  
Show
View Real Time Build Order
Export as new Build Order

Zoun Protoss - Winner!

Build Orders: 1 Gate Expand, Oracle Opening, Carriers, Zealot Archon 

Get SALT Encoding   

  12  0:00  Probe  
  13  0:12  Probe  
  14  0:19  Pylon  
  14  0:24  Probe  
  15  0:37  Probe (Chrono Boost)  
  15  0:40  Gateway  
  16  0:47  Probe (Chrono Boost)  
  17  0:50  Assimilator  
  17  0:52  Probe (Chrono Boost)  
  18  1:04  Probe  
  19  1:16  Probe  
  20  1:28  Nexus  
  20  1:37  Cybernetics Core  
  20  1:40  Probe  
  20  1:46  Assimilator  
  21  1:52  Probe  
  22  1:55  Pylon  
  22  2:05  Probe  
  23  2:11  Adept (Chrono Boost)  
  25  2:17  Probe  
  25  2:19  Stargate  
  26  2:26  Warp Gate  
  26  2:29  Probe  
  27  2:34  Adept  
  29  2:40  Probe (Chrono Boost)  
  29  2:41  Probe (Chrono Boost)  
  31  2:50  Probe x2 (Chrono Boost)  
  33  2:55  Probe (Chrono Boost)  
  33  2:56  Probe  
  35  3:00  Oracle (Chrono Boost)  
  38  3:07  Probe  
  38  3:12  Gateway, Probe  
  40  3:17  Pylon  
  40  3:21  Probe  
  41  3:29  Oracle  
  41  3:30  Probe  
  45  3:35  Probe  
  46  3:42  Probe  
  47  3:48  Probe  
  47  3:49  Nexus  
  47  3:54  Pylon  
  47  3:55  Probe  
  49  4:00  Probe  
  50  4:04  Assimilator  
  50  4:05  Assimilator  
  50  4:07  Probe  
  51  4:13  Shield Battery, Probe  
  52  4:19  Probe  
  52  4:22  Adept  
  52  4:23  Adept  
  57  4:25  Probe  
  57  4:30  Forge, Twilight Council  
  57  4:31  Probe  
  59  4:35  Pylon  
  59  4:37  Probe  
  60  4:43  Probe  
  61  4:49  Probe  
  61  4:51  Pylon  
  62  4:53  Stalker x2  
  62  4:56  Gateway  
  62  4:58  Protoss Ground Weapons Level 1  
  62  4:59  Gateway  
  66  5:02  Probe x2 (Chrono Boost)  
  66  5:06  Charge (Chrono Boost)  
  68  5:10  Probe (Chrono Boost)  
  70  5:14  Probe (Chrono Boost)  
  70  5:17  Probe (Chrono Boost)  
  71  5:22  Gateway  
  71  5:23  Probe x3 (Chrono Boost)  
  74  5:29  Gateway  
  74  5:31  Templar Archives  
  74  5:33  Probe x2  
  76  5:36  Probe  
  76  5:41  Robotics Facility  
  77  5:45  Probe x2  
  77  5:48  Probe, Assimilator  
  77  5:49  Assimilator  
  80  5:52  Photon Cannon  
  80  5:57  Pylon, Probe x2  
  80  6:01  Probe  
  83  6:08  High Templar x2  
  83  6:09  High Templar  
  83  6:10  High Templar  
  91  6:11  Probe  
  91  6:15  Pylon, Archon  
  91  6:17  Archon  
  92  6:19  Probe  
  93  6:27  Nexus  
  93  6:29  Pylon, Probe x2  
  93  6:31  Observer  
  96  6:34  Pylon, Robotics Bay  
  96  6:36  Photon Cannon  
  96  6:38  Shield Battery, Photon Cannon  
  96  6:40  Probe  
  98  6:47  Probe  
  98  6:50  Shield Battery, Probe  
  99  6:55  Sentry  
  99  6:57  Probe  
  99  6:59  Pylon, Probe  
  103  7:04  Gateway  
  103  7:05  Gateway  
  103  7:10  Observer  
  103  7:11  Zealot x5  
  103  7:12  Protoss Ground Weapons Level 2  
  113  7:15  Phoenix (Chrono Boost)  
  113  7:17  Stargate  
  113  7:20  Photon Cannon  
  113  7:21  Observer  
  115  7:23  Photon Cannon, Disruptor (Chrono Boost)  
  118  7:30  Probe  
  118  7:34  Phoenix  
  118  7:35  Photon Cannon  
  118  7:36  High Templar x2  
  125  7:41  Archon  
  125  7:42  Shield Battery  
  125  7:46  Probe x3  
  128  7:52  High Templar x2, Zealot x2  
  128  7:54  Disruptor (Chrono Boost)  
  128  7:58  Archon  
  139  8:00  Photon Cannon  
  139  8:01  Photon Cannon x2  
  139  8:02  Photon Cannon  
  139  8:10  Observer  
  139  8:11  Assimilator  
  139  8:12  Assimilator  
  139  8:20  Pylon x2, Observer  
  139  8:21  Phoenix (Chrono Boost), Disruptor (Chrono Boost)  
  139  8:22  Phoenix (Chrono Boost)  
  144  8:28  Pylon  
  144  8:33  Photon Cannon  
  144  8:34  Pylon  
  144  8:38  High Templar x2  
  144  8:41  Gateway  
  148  8:42  Zealot x5, Archon, Gateway  
  157  8:51  Gateway  
  157  8:54  Gateway, Disruptor (Chrono Boost)  
  160  9:02  Probe x3  
  158  9:09  High Templar x2, Zealot x4  
  170  9:14  Archon  
  170  9:15  Probe x2  
  170  9:20  Observer (Chrono Boost)  
  169  9:33  High Templar x2  
  173  9:39  High Templar x2, Zealot, Archon  
  173  9:43  Pylon x3  
  179  9:48  Archon  
  179  10:08  Zealot  
  179  10:09  Zealot x4  
  162  10:23  High Templar x2  
  162  10:24  Zealot  
  162  10:27  Nexus, Archon  
  158  10:29  Pylon  
  158  10:33  Zealot x3  
  158  10:34  Zealot x5, Protoss Ground Weapons Level 3  
  166  10:39  Fleet Beacon, Stargate  
  166  10:42  Probe x2  
  144  11:02  High Templar  
  144  11:03  High Templar x3  
  125  11:04  Zealot x5  
  125  11:09  Archon  
  125  11:10  Archon  
  127  11:11  Disruptor  
  130  11:23  High Templar x2  
  130  11:24  Zealot  
  136  11:31  Archon  
  136  11:33  Zealot  
  136  11:34  Shield Battery  
  136  11:36  Photon Cannon  
  138  11:44  Zealot  
  138  11:45  Zealot x5  
  154  11:50  Probe x2  
  154  11:52  Blink (Chrono Boost)  
  142  12:00  High Templar x4  
  147  12:01  Warp Prism (Chrono Boost)  
  147  12:02  Stalker x2  
  147  12:04  Archon  
  147  12:05  Archon  
  153  12:10  Assimilator  
  153  12:13  Zealot x6  
  153  12:15  Assimilator  
  163  12:17  Pylon  
  163  12:20  Photon Cannon  
  163  12:24  Tempest x3 (Chrono Boost)  
  176  12:35  Sentry, Stalker x5  
  186  12:40  Photon Cannon  
  186  12:41  Photon Cannon  
  186  12:43  Protoss Air Weapons Level 1  
  186  12:44  Photon Cannon  
  186  12:45  Shield Battery  
  184  12:52  Zealot x5  
  184  12:55  Zealot  
  188  13:02  Tempest (Chrono Boost)  
  196  13:13  Tempest (Chrono Boost)  
  196  13:14  Tempest (Chrono Boost)  
  196  13:17  Psionic Storm  
  196  13:18  Zealot x3, Photon Cannon  
  196  13:19  Photon Cannon  
  199  13:27  Forge  
  197  13:48  Oracle (Chrono Boost)  
  189  13:51  Protoss Shields Level 1 (Chrono Boost)  
  192  14:00  High Templar  
  192  14:01  High Templar x3  
  200  14:15  Robotics Facility, Gravitic Boosters  
  200  14:17  Protoss Ground Armor Level 1 (Chrono Boost)  
  181  14:34  Observer  
  181  14:35  Zealot x3  
  181  14:38  Probe x2  
  187  14:56  Zealot x2, Observer  
  187  14:58  Nexus  
  187  14:59  Protoss Air Weapons Level 2  
  187  15:04  Shield Battery  
  187  15:05  Photon Cannon  
  183  15:12  Gravitic Drive  
  181  15:14  Zealot, Pylon  
  181  15:15  Carrier x2 (Chrono Boost)  
  199  15:25  Carrier (Chrono Boost)  
  199  15:26  Photon Cannon x2  
  196  15:38  Unknown  
  196  15:46  Nexus  
  196  15:47  Shield Battery  
  196  15:49  Photon Cannon  
  196  15:50  Photon Cannon  
  196  15:55  Protoss Shields Level 2 (Chrono Boost)  
  196  16:01  Dark Shrine  
  192  16:08  Observer x2  
  192  16:11  High Templar  
  192  16:12  High Templar  
  192  16:14  High Templar x2  
  192  16:16  Assimilator  
  196  16:18  Archon  
  196  16:19  Archon  
  196  16:20  Pylon  
  196  16:22  Assimilator  
  196  16:25  Gateway  
  196  16:32  Gateway  
  194  16:33  Photon Cannon  
  194  16:36  Carrier  
  194  16:38  Photon Cannon  
  198  17:07  Observer  
  192  17:21  Stalker x4  
  192  17:22  Stalker x4  
  199  17:25  Probe  
  183  17:53  Carrier x2  
  183  17:56  Zealot x4  
  200  18:09  Protoss Shields Level 3 (Chrono Boost), Observer  
  199  18:20  Protoss Ground Armor Level 2 (Chrono Boost)  
  199  18:29  Photon Cannon, Observer  
  199  18:30  Photon Cannon  
  199  18:32  Shadow Stride (Chrono Boost)  
  199  18:35  Protoss Air Weapons Level 3  
  199  19:02  Photon Cannon  
  199  19:05  Pylon, Dark Templar  
  200  19:14  Gateway  
  200  19:15  Stargate, Gateway  
  200  19:16  Gateway  
  200  19:19  Stargate  
  200  19:21  Observer  
  196  19:32  Immortal x2 (Chrono Boost)  
  179  19:39  Dark Templar x3  
  179  19:44  Mothership (Chrono Boost)  
  184  19:52  Dark Templar  
  183  19:53  Dark Templar x3, Sentry  
  183  19:55  High Templar x2  
  183  19:56  High Templar  
  183  19:57  High Templar x2  
  183  19:59  Archon x3  
  187  20:09  Immortal x2 (Chrono Boost)  
  193  20:23  Carrier (Chrono Boost)  
  199  20:32  Nexus  
  199  20:33  Carrier (Chrono Boost), Pylon  
  197  20:35  Pylon  
  197  20:36  Pylon  
  197  20:46  Observer x2 (Chrono Boost)  
  197  20:48  Photon Cannon x2  
  197  20:49  Shield Battery  
  199  20:52  Photon Cannon  
  199  21:01  Shield Battery  
  199  21:03  Protoss Ground Armor Level 3 (Chrono Boost)  
  199  21:04  Shield Battery, Photon Cannon  
  199  21:06  Photon Cannon  
  199  21:07  Photon Cannon  
  199  21:09  Photon Cannon  
  199  21:11  High Templar, Unknown  
  198  21:12  Photon Cannon  
  198  21:14  Protoss Air Armor Level 1 (Chrono Boost)  
  200  21:45  Photon Cannon  
  200  21:46  Photon Cannon  
  199  21:47  Pylon  
  199  21:57  Observer (Chrono Boost)  
  199  22:14  Observer (Chrono Boost)  
  198  22:17  Observer (Chrono Boost)  
  198  22:20  Observer  
  199  22:36  Observer  
  197  23:04  High Templar x4  
  197  23:07  Dark Templar  
  193  23:22  Stalker x3  
  194  23:36  Stalker x2  
  190  24:09  Stalker x4  
  196  24:10  Stalker x3  
  157  24:20  Stalker x3  
  157  24:21  Stalker x5  
  138  24:24  Observer  
  138  24:27  Immortal  
  138  24:31  Void Ray x3 (Chrono Boost)  
  139  24:32  Void Ray (Chrono Boost)  
  139  24:35  High Templar x3, Immortal  
  139  24:36  High Templar  
  139  24:38  Zealot x4  
  156  24:48  Carrier (Chrono Boost)  
  156  24:51  Pylon  
  156  24:52  Observer  
  162  24:53  Nexus  
  162  24:58  Carrier (Chrono Boost), Dark Templar  
  162  24:59  Carrier (Chrono Boost)  
  164  25:04  Observer  
  164  25:06  Observer  
  176  25:08  Observer  
  169  25:18  Carrier (Chrono Boost)  
  180  25:28  Carrier (Chrono Boost)  
  180  25:32  Dark Templar  
  182  25:36  Oracle (Chrono Boost)  
  183  25:45  Probe x3  
  185  26:01  Tempest x2  
  193  26:05  Observer  
  193  26:06  High Templar  
  194  26:21  Nexus  
  194  26:23  Pylon  
  183  26:26  Unknown  
  179  26:40  Tempest (Chrono Boost)  
  189  26:50  Tempest (Chrono Boost)  
  189  27:00  Dark Templar  
  191  27:02  Zealot x4  
  195  27:15  Photon Cannon  
  195  27:18  Photon Cannon  
  195  27:19  Shield Battery  
  189  27:23  Pylon  
  189  27:27  Pylon  
  184  27:47  Oracle  
  184  27:49  Nexus  
  181  27:53  Shield Battery  
  181  27:54  Photon Cannon, Observer x2  
  181  27:56  Zealot x4, Photon Cannon  
  191  28:15  Assimilator  
  191  28:19  Assimilator  
  177  28:28  Observer  
  177  28:38  Observer  
  177  28:39  Carrier (Chrono Boost)  
  177  28:40  Carrier (Chrono Boost)  
  193  28:54  Zealot  
  193  28:55  Zealot x2  
  199  28:56  Void Ray (Chrono Boost)  
  193  29:11  Dark Templar x2  
  193  29:20  Observer  
  193  29:25  Pylon  
  193  29:26  Pylon, Observer  
  193  29:28  Observer  
  193  29:31  Carrier (Chrono Boost)  
  199  29:45  Shield Battery  
  198  29:48  Photon Cannon  
  198  29:49  Shield Battery  
  198  29:51  Photon Cannon x2  
  197  29:54  Archon, Observer  
  197  30:00  Observer  
  193  30:47  High Templar x2  
  195  31:11  High Templar x2  
  167  31:51  Stalker x11  
  187  32:02  Stalker x5  
Tags
 
Add a new tag
Caveats
  • Supply blocks, unpowered buildings, or Contaminate may cause inaccurate times.
  • Supply counts are checked every 10 seconds.